 Dungeon Crawl Stone Soup version 0.28-a0-1199-gef9e1dbd39 (webtiles) character file.

Game seed: 2253211339360156501

192 bearlyready the Slasher (level 5, 0/45 HPs)
             Began as a Minotaur Delver on Dec 20, 2021.
             Succumbed to a kobold brigand's poison
             ... in a sewer.
             The game lasted 00:04:14 (1074 turns).

bearlyready the Slasher (Minotaur Delver)           Turns: 1074, Time: 00:04:14

Health: 0/45       AC:  3    Str: 19    XL:     5   Next: 42%
Magic:  4/4        EV: 11    Int:  7    God:
Gold:   27         SH:  0    Dex: 11    Spells: 4/4 levels left

rFire   . . .      SeeInvis .   a - +0 falchion
rCold   . . .      Faith    .   (no shield)
rNeg    . . .      Spirit   .   b - +0 leather armour
rPois   .          Reflect  .   (helmet restricted)
rElec   .          Harm     .   (no cloak)
rCorr   .          Rampage  .   (no gloves)
Will    .....                   (no boots)
Stlth   ++........              (no amulet)
HPRegen 0.15/turn               (no ring)
MPRegen 0.09/turn               (no ring)

@: lethally poisoned (0 -> -14), slowed, very slow
A: horns 2, retaliatory headbutt
a: no special abilities


You were in a sewer.
You visited 1 branch of the dungeon, and saw 2 of its levels.
You also visited: Sewer.

You collected 27 gold pieces.

Inventory:

Hand Weapons
 a - a +0 falchion (weapon)
 k - a +0 whip
Missiles
 d - 25 stones (quivered)
 f - 5 poisoned darts
 j - 18 sling bullets
Armour
 b - a +0 leather armour (worn)
Wands
 g - a wand of digging (3)
Scrolls
 c - a scroll of fog
 e - a scroll of fear
 h - a scroll of holy word {unknown}
 i - a scroll of immolation {unknown}


   Skills:
 - Level 3.6 Fighting
 + Level 6.9 Long Blades
 - Level 2.1 Dodging
 - Level 4.1 Stealth


You had 4 spell levels left.
You didn't know any spells.
Your spell library was empty.

Dungeon Overview and Level Annotations

Branches:
Dungeon (5/15)              Sewer (1/1)
 Temple: D:4-7

Altars:

Shops:
D:4 *=

Annotations:
D:4 Grinder


Innate Abilities, Weirdness & Mutations

You have a pair of horns on your head.
You reflexively headbutt those who attack you in melee.


Message History

You are too injured to fight recklessly!
You are too injured to fight recklessly!
You are too injured to fight recklessly!
You are too injured to fight recklessly!
You are too injured to fight recklessly!
You are too injured to fight recklessly!
You are too injured to fight recklessly!
You are too injured to fight recklessly!
You are too injured to fight recklessly!
You are too injured to fight recklessly!
You are too injured to fight recklessly!
You are too injured to fight recklessly!
You are too injured to fight recklessly!
You aren't carrying any potions.
Okay, then.
You miss the kobold brigand.
You feel sick. The kobold barely misses you. You furiously retaliate!
You headbutt the kobold.
You kill the kobold!
The kobold brigand hits you but does no damage.
You are more poisoned.
The kobold brigand closely misses you.
You hit the kobold brigand.
The kobold brigand is moderately wounded.
You feel very sick.
The kobold brigand hits you with a +2 dagger of venom.
You are lethally poisoned!
You aren't carrying any potions.
You closely miss the kobold brigand.
Your headbutt misses the kobold brigand.
The kobold brigand is lightly wounded.
* * * LOW HITPOINT WARNING * * *
You feel very sick.
The kobold brigand hits you with a +2 dagger of venom.
* * * LOW HITPOINT WARNING * * *
You are more poisoned.
As you read the scroll of fear, it crumbles to dust.
You assume a fearsome visage.
The kobold brigand looks frightened!
* * * LOW HITPOINT WARNING * * *
You feel very sick.
You die...

##+++##
#########.....##
##≈≈≈≈≈≈#..⌠.⌠..#
###!......'.......+
#∩![.)....'.⌠._.⌠.+
#K.@....'.......+
##≈≈≈≈≈≈#...⌠...#
##########...###
#########'#######
#≈≈≈≈≈≈#...#≈≈≈≈≈
#≈≈.≈≈)......≈≈≈≈
#.....)#...#.....
#†#######≈#######
#).....#≈≈≈#.....


You could see a kobold brigand (fleeing).

Vanquished Creatures
  A kobold brigand (Sewer)
  A hound (D:5)
  An orc priest (D:4)
  An adder (D:4)
  3 ufetubi (Sewer)
  An adder skeleton (D:4)
  A dart slug (D:4)
  4 orcs (D:4)
  3 bats (Sewer)
  2 endoplasms (Sewer)
  2 giant cockroaches (Sewer)
  A ball python (Sewer)
  A giant cockroach zombie (Sewer)
  15 kobolds
  A kobold zombie (Sewer)
38 creatures vanquished.

Notes
Turn   | Place    | Note
-------+----------+-------------------------------------------
     0 | D:5      | bearlyready the Minotaur Delver began the quest for the
                  | Orb.
     0 | D:5      | Reached XP level 1. HP: 19/19 MP: 0/0
    19 | D:5      | Noticed an iguana
    24 | D:5      | Noticed a hound
    32 | D:5      | Killed a hound
    33 | D:5      | Reached skill level 4 in Long Blades
    33 | D:5      | Reached XP level 2. HP: 24/26 MP: 1/1
    33 | D:5      | Reached XP level 3. HP: 29/31 MP: 2/2
    68 | D:4      | Reached skill level 5 in Long Blades
    77 | D:4      | Reached XP level 4. HP: 12/39 MP: 3/3
   355 | D:4      | Found Puruoj's Jewellery Shop.
   355 | D:4      | Found Neimp's Assorted Antiques.
   452 | D:4      | Noticed a scorpion
   477 | D:4      | Noticed Grinder
   508 | D:4      | Found a glowing drain.
   516 | Sewer    | Entered a sewer
   833 | Sewer    | Reached skill level 6 in Long Blades
   914 | Sewer    | Found an ancient bone altar of Kikubaaqudgha.
   914 | Sewer    | Noticed a kobold brigand
   944 | Sewer    | Killed a kobold brigand
   945 | Sewer    | Reached XP level 5. HP: 29/45 MP: 4/4
  1074 | Sewer    | Succumbed to a kobold brigand's poison

Illustrated notes

Levels and vault maps discovered:
D:4:      layout_cave_pods, cheibrodos_sewer_entry_bend,
          minmay_shop_grid_forest, uniq_grinder
D:5:      layout_basic, gammafunk_temple_overflow_statue, serial_shops,
          nicolae_shop_hallway_stairs, amethyst_killhole, uniq_edmund
Sewer:    kennysheep_sewer_church

Skill      XL: |  1  2  3  4 |
---------------+-------------+-----
Long Blades    | 4 5 6 |  6.9
Fighting       | |  3.6
Dodging        | |  2.1
Stealth        | |  4.1

Action                   |  1- 3 |  4- 6 || total
-------------------------+-------+-------++-------
Melee: Falchion          |    18 |    84 ||   102
       Headbutt          |     2 |    11 ||    13
  Use: Scroll            |     1 |     1 ||     2
       Potion            |       |     1 ||     1
 Stab: Distracted        |       |     1 ||     1
       Sleeping          |       |     1 ||     1
Armor: Leather armour    |     2 |    31 ||    33
Dodge: Dodged            |    15 |    61 ||    76

Table legend: (Time is in decaauts)
 A = Elapsed time spent in this place.
 B = Non-inter-level travel time spent in this place.
 C = Inter-level travel time spent in this place.
 D = Time resting spent in this place.
 E = Time spent auto-exploring this place.
 F = Levels seen in this place.
 G = Mean time per level.
                   A        B        C        D        E       F      G
               +--------+--------+--------+--------+--------+-----+--------+
         Total |   1076 |   1076 |      0 |    126 |    570 |   3 |  358.7 |
       Dungeon |    507 |    507 |      0 |      4 |    295 |   2 |  253.5 |
         Sewer |    569 |    569 |      0 |    122 |    275 |   1 |  569.0 |
               +--------+--------+--------+--------+--------+-----+--------+

Top non-repeatable levels by time:
   Sewer: 569 daAuts
     D:4: 451 daAuts
     D:5: 55 daAuts
